 Dungeon Crawl Stone Soup version 0.18.1-50-g88ac8fd (webtiles) character file.

24 Amnesiac the Cutter (level 2, -5/18 HPs)
             Began as a Deep Elf Fighter on Mar 2, 2018.
             Killed from afar by an orc wizard (11 damage)
             ... with a puff of flame
             ... on level 3 of the Dungeon.
             The game lasted 00:00:48 (550 turns).

Amnesiac the Cutter (Deep Elf Fighter)               Turns: 550, Time: 00:00:49

Health: -5/18      AC:  6    Str: 13    XL:     2   Next: 79%
Magic:  4/4        EV:  6    Int: 12    God:
Gold:   50         SH:  8    Dex: 14    Spells: 0 memorised, 1 level left

rFire  . . .     SeeInvis .     a - +0 rapier
rCold  . . .     Gourm    .     b - +0 scale mail
rNeg   . . .     Faith    .     c - +0 shield
rPois  .         Spirit   .     (no helmet)
rElec  .         Dismiss  .     (no cloak)
rCorr  .         Reflect  .     (no gloves)
SustAt .         Harm     .     (no boots)
MR     .....                    (no amulet)
Stlth  ..........               (no ring)
                                (no ring)

@: flying, not resistant to hostile enchantments, extremely unstealthy
A: no striking features
a: no special abilities


You were on level 3 of the Dungeon.
You were not hungry.

You visited 1 branch of the dungeon, and saw 3 of its levels.

You collected 50 gold pieces.

Inventory:

Hand Weapons
 a - a +0 rapier (weapon)
Missiles
 g - 7 needles of frenzy
Armour
 b - a +0 scale mail (worn)
 c - a +0 shield (worn)
Jewellery
 i - an uncursed ring of resist corrosion {unknown}
Scrolls
 e - a scroll of noise {!r, unknown}
 j - a scroll of remove curse {!r, unknown}
 k - a scroll of recharging {!r, unknown}
Potions
 d - a potion of might {!q}
 h - a potion of flight {!q}
Comestibles
 f - a bread ration


   Skills:
 - Level 2.4 Fighting
 + Level 3.4 Short Blades
 - Level 2.4 Armour
 - Level 2.4 Shields


You had one spell level left.
You didn't know any spells.

Dungeon Overview and Level Annotations

Branches:
Dungeon (3/15)

Altars:


Message History

You block the orc's attack.
You hit the orc.
You kill the orc!
The orc wizard casts a cantrip, but nothing happens.
You hit the giant cockroach but do no damage.
The giant cockroach bites you but does no damage.
You hit the giant cockroach but do no damage.
The giant cockroach barely misses you. x2
You puncture the giant cockroach!
You kill the giant cockroach!
You closely miss the orc wizard.
The orc wizard miscasts a cantrip.
You closely miss the orc wizard. The orc wizard barely misses you.
You hit the orc wizard.
The orc wizard is moderately wounded.
You block the orc wizard's attack.
You hit the orc wizard.
The orc wizard is severely wounded.
The orc wizard gestures at you while chanting.
The puff of flame hits you!
Ouch! That really hurt!
* * * LOW HITPOINT WARNING * * *
You closely miss the orc wizard.
The orc wizard is severely wounded.
The orc wizard hits you but does no damage.
Drink which item? (? for menu, Esc to quit)
Really quaff
h - 2 green potions {!q}?
It was a potion of flight {!q}.
You feel very buoyant.
You fly up into the air.
The orc wizard hits you but does no damage.
You barely miss the orc wizard.
The orc wizard is severely wounded.
You block the orc wizard's attack.
Drink which item? (? for menu, Esc to quit)
Okay, then.
You hit the orc wizard but do no damage.
The orc wizard is severely wounded.
The orc wizard hits you but does no damage.
You hit the orc wizard.
The orc wizard is almost dead.
The orc wizard hits you but does no damage.
The orc wizard looks braver for a moment.
You closely miss the orc wizard.
The orc wizard is almost dead.
The orc wizard hits you but does no damage.
You completely miss the orc wizard.
The orc wizard is almost dead.
The orc wizard hits you but does no damage.
You miss the orc wizard.
The orc wizard is almost dead.
The orc wizard gestures wildly while chanting.
The orc wizard flickers and vanishes!
Deactivating autopickup; reactivate with Ctrl-A.
You miss something. Something hits you but does no damage.
You miss something. Something hits you but does no damage.
You hear some strange, mumbled words.
You miss something. Something hits you but does no damage.
You miss something.
You hear some strange, mumbled words.
A puff of flame appears from out of thin air!
The puff of flame hits you!
Ouch! That really hurt!
You die...

888888888##
8888888888#
8888888888#
..88888888###
♣(.......'[#
♣$....o..'.#
..88888888#o#
8888888888#{#
8888888888#@#
888888888##.#
88888888###.#
8888888###..#
888888####.###
##......# ##
#.....#.#
...#..##.#.#
.......#.#.#


You could see an orc.

Vanquished Creatures
  An adder (D:2)
  An ooze (D:2)
  An orc (D:3)
  A giant cockroach (D:3)
  2 goblins
  A hobgoblin (D:3)
  A bat (D:2)
  A giant newt (D:3)
  2 kobolds (D:2)
11 creatures vanquished.

Notes
Turn   | Place    | Note
--------------------------------------------------------------
     0 | D:1      | Amnesiac the Deep Elf Fighter began the quest for the Orb.
     0 | D:1      | Reached XP level 1. HP: 13/13 MP: 3/3
   163 | D:2      | Reached XP level 2. HP: 14/18 MP: 4/4
   212 | D:2      | Reached skill level 3 in Short Blades
   550 | D:3      | Killed from afar by an orc wizard

Skill      XL: |  1  2 |
---------------+-------+-----
Short Blades   | 3 |  3.4
Fighting       | |  2.4
Armour         | |  2.4
Shields        | |  2.4

Action                   || total
-------------------------++-------
Melee: Rapier            ||    64
  Use: Potion            ||     1
Armor: Scale mail        ||    25
Dodge: Dodged            ||    10
Block: Shield            ||    23
